AoeStats
← saksafon calan penguen

Four Lakes

507090582Analyzed
1v1 RM · 14d ago on Sep 16, 2026· 34m 32s· 2 players
Game mode
Random Map
Map size
Tiny (2 player)
Population
200
Speed
Normal
Resources
Standard
Victory
Conquest
Starting age
Dark Age
Ending age
Imperial Age
RankedLock teamsTeams togetherTeam positionsShared explorationLock speedFull tech treeHidden civsTurbo modeCheats
Victory
Defeat
🇩🇰 Franks · Denmark
792
+15
🇹🇷 Slavs · Türkiye
770
-15
saksafon calan penguen
5:19 Loom
10:43 Feudal Age
19:17 Horse Collar
26:21 Castle Age
28:14 Pikeman
30:58 Elite Skirmisher
TheRushMaster
3:14 Loom
11:52 Feudal Age
12:24 Double-Bit Axe
12:45 Town Watch
16:54 Scale Barding Armor
18:57 Forging
20:00 Fletching
22:41 Padded Archer Armor
25:16 Castle Age
25:21 Gold Mining
25:17 Light Cavalry
26:19 Bodkin Arrow
26:30 Crossbowman
29:08 Bow Saw
30:11 Leather Archer Armor
30:25 Chain Barding Armor
34:28 Wheelbarrow
35:05 Iron Casting
Connection lost

Rejoining the realm…

Still unreachable

The connection could not be restored.

Session expired

The server has moved on; the page needs a fresh start.